[ PARTIDA AOE2 · #477355228 ]
UnrankedMongoles vs Cumans
Equipo del jugador · VICT
Equipo rival · DERR
[ ANÁLISIS DE REPETICIÓN · EXTRAÍDO DE LA PARTIDA GRABADA ]
Feudal
8:27
Castillos
18:29
Imperial
—
| APM promedio | 68.8 |
| APM pico | 128 |
| eAPM promedio | 23.4 |
| Aldeanos / militares | 66 / 41 |
Foco
⚔️ 28.3% · 🌾 71.7%
Steppe Lancer ×20 · Camel Scout ×7 · Monk ×6 · Scout Cavalry ×5 · Mangonel ×3
Feudal
11:25
Castillos
23:44
Imperial
—
| APM promedio | 30.9 |
| APM pico | 74 |
| eAPM promedio | 16.5 |
| Aldeanos / militares | 87 / 54 |
Foco
⚔️ 37.6% · 🌾 62.4%
Camel Scout ×28 · Scout Cavalry ×16 · Spearman ×8 · Militia ×2
Mapa de la partida
Recursos iniciales + cada clic de construcción. Líneas = muros · curvas = relieve. ◆ oro · ⬟ piedra · ● bayas · ✦ reliquia · ◌ hueco del cierre
Tu base· Abierta — flanco sin cerrar
Base de SapientFez· Abierta — hueco de 8t
Terreno inicial suavizado · ◌ = hueco del cierre detectado · pasá el cursor para detalles
Inputs por minuto
— Nandor the Relenting - - SapientFez
Build order — Nandor the Relenting
Primeras 150 de 203 acciones detectadas
| 0:00 | Crear | Villager (Male) |
| 0:00 | Crear | Villager (Male) |
| 0:01 | Construir | House |
| 0:02 | Construir | House |
| 0:38 | Crear | Villager (Male) |
| 0:39 | Crear | Villager (Male) |
| 1:25 | Crear | Villager (Male) |
| 2:02 | Crear | Villager (Male) |
| 2:03 | Construir | Lumber Camp |
| 2:22 | Crear | Villager (Male) |
| 2:57 | Crear | Villager (Male) |
| 3:10 | Crear | Villager (Male) |
| 3:38 | Crear | Villager (Male) |
| 3:53 | Construir | House |
| 4:06 | Crear | Villager (Male) |
| 4:07 | Crear | Villager (Male) |
| 4:58 | Crear | Villager (Male) |
| 5:13 | Crear | Villager (Male) |
| 5:22 | Construir | Mill |
| 5:32 | Crear | Villager (Male) |
| 5:51 | Investigar | Loom |
| 6:07 | Investigar | Feudal Age |
| 7:31 | Construir | Barracks |
| 7:49 | Crear | Villager (Male) |
| 8:02 | Crear | Villager (Male) |
| 8:27 | Edad | Edad Feudal |
| 8:42 | Construir | Stable |
| 8:51 | Crear | Villager (Male) |
| 9:20 | Construir | House |
| 9:24 | Investigar | Town Watch |
| 9:38 | Construir | House |
| 9:46 | Crear | Villager (Male) |
| 9:53 | Crear | Villager (Male) |
| 9:57 | Crear | Scout Cavalry |
| 10:05 | Investigar | Double-Bit Axe |
| 10:08 | Construir | Farm |
| 10:13 | Crear | Villager (Male) |
| 10:23 | Crear | Scout Cavalry |
| 10:39 | Crear | Scout Cavalry |
| 10:43 | Construir | Farm |
| 10:51 | Crear | Villager (Male) |
| 11:02 | Crear | Scout Cavalry |
| 11:16 | Crear | Scout Cavalry |
| 11:26 | Crear | Villager (Male) |
| 11:39 | Construir | Farm |
| 11:44 | Construir | House |
| 12:03 | Crear | Villager (Male) |
| 12:13 | Crear | Villager (Male) |
| 12:16 | Construir | House |
| 12:20 | Construir | Farm |
| 12:21 | Construir | Mining Camp |
| 12:36 | Crear | Villager (Male) |
| 13:07 | Construir | Blacksmith |
| 13:14 | Crear | Villager (Male) |
| 13:20 | Construir | Farm |
| 13:24 | Construir | Farm |
| 13:25 | Construir | Farm |
| 13:36 | Crear | Villager (Male) |
| 13:58 | Crear | Villager (Male) |
| 14:02 | Construir | Farm |
| 14:08 | Construir | House |
| 14:19 | Crear | Villager (Male) |
| 14:49 | Construir | Palisade Wall |
| 14:59 | Crear | Villager (Male) |
| 15:04 | Construir | Stable |
| 15:07 | Crear | Villager (Male) |
| 15:22 | Construir | House |
| 15:29 | Construir | Farm |
| 15:42 | Investigar | Castle Age |
| 16:06 | Construir | Farm |
| 16:09 | Investigar | Horse Collar |
| 16:15 | Construir | House |
| 16:36 | Investigar | Forging |
| 16:57 | Construir | House |
| 17:05 | Investigar | Bloodlines |
| 17:08 | Construir | House |
| 17:09 | Construir | Palisade Wall |
| 17:16 | Construir | Lumber Camp |
| 17:18 | Construir | Farm |
| 17:19 | Construir | Farm |
| 17:21 | Construir | Farm |
| 18:01 | Investigar | Scale Barding Armor |
| 18:02 | Crear | Villager (Male) |
| 18:29 | Edad | Edad de los Castillos |
| 18:34 | Construir | Siege Workshop |
| 18:51 | Crear | Steppe Lancer |
| 18:52 | Crear | Steppe Lancer |
| 18:52 | Crear | Villager (Male) |
| 19:03 | Crear | Villager (Male) |
| 19:35 | Investigar | Husbandry |
| 19:37 | Crear | Villager (Male) |
| 19:39 | Construir | Farm |
| 19:54 | Construir | Farm |
| 19:59 | Construir | Farm |
| 20:00 | Crear | Villager (Male) |
| 20:15 | Construir | Town Center |
| 20:39 | Crear | Steppe Lancer |
| 20:39 | Crear | Steppe Lancer |
| 21:02 | Crear | Villager (Male) |
| 21:08 | Crear | Mangonel |
| 21:12 | Construir | Palisade Wall |
| 21:14 | Construir | Palisade Wall |
| 21:16 | Construir | Palisade Wall |
| 21:19 | Construir | Palisade Wall |
| 21:22 | Construir | Palisade Wall |
| 21:31 | Crear | Villager (Male) |
| 21:36 | Crear | Steppe Lancer |
| 21:36 | Crear | Steppe Lancer |
| 21:48 | Crear | Mangonel |
| 21:50 | Construir | Palisade Wall |
| 22:00 | Construir | Palisade Wall |
| 22:04 | Crear | Villager (Male) |
| 22:04 | Crear | Villager (Male) |
| 22:09 | Construir | Monastery |
| 22:14 | Crear | Steppe Lancer |
| 22:15 | Crear | Steppe Lancer |
| 22:25 | Construir | Farm |
| 22:27 | Crear | Villager (Male) |
| 22:52 | Crear | Monk |
| 22:55 | Crear | Steppe Lancer |
| 22:56 | Crear | Villager (Male) |
| 22:59 | Construir | Farm |
| 23:00 | Construir | Farm |
| 23:01 | Construir | Farm |
| 23:03 | Construir | Farm |
| 23:05 | Construir | Farm |
| 23:13 | Crear | Steppe Lancer |
| 23:13 | Crear | Steppe Lancer |
| 23:26 | Construir | Farm |
| 23:29 | Construir | Farm |
| 23:54 | Crear | Mangonel |
| 24:12 | Crear | Monk |
| 24:13 | Crear | Villager (Male) |
| 24:13 | Crear | Villager (Male) |
| 24:15 | Construir | Farm |
| 24:17 | Construir | Farm |
| 24:17 | Construir | Farm |
| 24:20 | Investigar | Bow Saw |
| 24:33 | Crear | Villager (Male) |
| 24:35 | Crear | Steppe Lancer |
| 24:35 | Crear | Steppe Lancer |
| 24:48 | Crear | Camel Scout |
| 24:49 | Crear | Camel Scout |
| 25:30 | Crear | Villager (Male) |
| 25:34 | Construir | Mill |
| 25:35 | Construir | Farm |
| 25:35 | Construir | Farm |
| 25:35 | Construir | Farm |
| 25:35 | Construir | Farm |
| 25:36 | Crear | Villager (Male) |
Build order — SapientFez
Primeras 150 de 213 acciones detectadas
| 0:00 | Crear | Villager (Male) |
| 0:00 | Crear | Villager (Male) |
| 0:01 | Crear | Villager (Male) |
| 0:02 | Construir | House |
| 0:04 | Construir | House |
| 0:06 | Crear | Villager (Male) |
| 1:23 | Crear | Villager (Male) |
| 1:53 | Construir | Lumber Camp |
| 2:10 | Construir | House |
| 2:13 | Crear | Villager (Male) |
| 2:21 | Crear | Villager (Male) |
| 2:57 | Crear | Villager (Male) |
| 3:21 | Crear | Villager (Male) |
| 3:51 | Crear | Villager (Male) |
| 4:22 | Crear | Villager (Male) |
| 4:34 | Crear | Villager (Male) |
| 5:05 | Construir | Mill |
| 5:12 | Crear | Villager (Male) |
| 5:12 | Crear | Villager (Male) |
| 5:25 | Crear | Villager (Male) |
| 6:21 | Crear | Villager (Male) |
| 6:23 | Investigar | Loom |
| 7:20 | Construir | Barracks |
| 7:22 | Crear | Villager (Male) |
| 7:29 | Construir | House |
| 8:11 | Crear | Villager (Male) |
| 8:16 | Construir | Farm |
| 8:24 | Crear | Militia |
| 8:24 | Crear | Militia |
| 8:50 | Crear | Villager (Male) |
| 9:01 | Construir | Farm |
| 9:13 | Investigar | Feudal Age |
| 9:31 | Construir | House |
| 9:36 | Construir | House |
| 9:50 | Construir | Palisade Wall |
| 9:56 | Construir | Palisade Wall |
| 10:01 | Construir | Farm |
| 10:41 | Crear | Villager (Male) |
| 11:25 | Edad | Edad Feudal |
| 11:39 | Crear | Spearman |
| 11:45 | Crear | Villager (Male) |
| 11:47 | Investigar | Double-Bit Axe |
| 12:06 | Crear | Spearman |
| 12:21 | Construir | Town Center |
| 12:22 | Crear | Villager (Male) |
| 12:26 | Construir | Farm |
| 12:35 | Construir | Palisade Wall |
| 12:41 | Crear | Villager (Male) |
| 12:44 | Crear | Spearman |
| 13:02 | Crear | Villager (Male) |
| 13:25 | Crear | Villager (Male) |
| 13:32 | Construir | House |
| 13:35 | Crear | Villager (Male) |
| 13:37 | Crear | Villager (Male) |
| 13:39 | Crear | Villager (Male) |
| 13:42 | Investigar | Horse Collar |
| 14:05 | Construir | Farm |
| 14:07 | Construir | Farm |
| 14:07 | Crear | Villager (Male) |
| 14:17 | Construir | Farm |
| 14:21 | Crear | Villager (Male) |
| 14:34 | Construir | Farm |
| 14:36 | Construir | Farm |
| 14:37 | Crear | Villager (Male) |
| 14:40 | Construir | Palisade Wall |
| 14:49 | Construir | Farm |
| 14:52 | Crear | Villager (Male) |
| 14:58 | Construir | House |
| 15:06 | Construir | Farm |
| 15:14 | Construir | Farm |
| 15:14 | Crear | Villager (Male) |
| 15:20 | Construir | Farm |
| 15:23 | Construir | Farm |
| 15:30 | Construir | Farm |
| 15:30 | Crear | Villager (Male) |
| 15:31 | Crear | Villager (Male) |
| 15:38 | Crear | Villager (Male) |
| 15:44 | Construir | Stable |
| 15:53 | Construir | Farm |
| 15:55 | Construir | Farm |
| 16:04 | Crear | Villager (Male) |
| 16:05 | Crear | Villager (Male) |
| 16:08 | Construir | House |
| 16:23 | Construir | Mining Camp |
| 16:24 | Crear | Villager (Male) |
| 16:30 | Construir | Farm |
| 16:36 | Crear | Villager (Male) |
| 16:51 | Crear | Scout Cavalry |
| 16:57 | Construir | Farm |
| 17:01 | Construir | Lumber Camp |
| 17:03 | Crear | Scout Cavalry |
| 17:06 | Construir | Farm |
| 17:13 | Crear | Villager (Male) |
| 17:13 | Crear | Villager (Male) |
| 17:26 | Crear | Scout Cavalry |
| 17:29 | Crear | Villager (Male) |
| 17:45 | Crear | Villager (Male) |
| 17:46 | Construir | Blacksmith |
| 17:51 | Construir | Farm |
| 17:52 | Construir | Farm |
| 17:53 | Crear | Villager (Male) |
| 18:05 | Crear | Scout Cavalry |
| 18:11 | Crear | Villager (Male) |
| 18:13 | Construir | House |
| 18:23 | Crear | Villager (Male) |
| 18:30 | Construir | Farm |
| 18:46 | Crear | Scout Cavalry |
| 18:54 | Construir | Mill |
| 18:55 | Construir | Farm |
| 18:56 | Construir | Farm |
| 18:59 | Crear | Villager (Male) |
| 18:59 | Crear | Villager (Male) |
| 19:20 | Investigar | Wheelbarrow |
| 19:28 | Crear | Villager (Male) |
| 19:32 | Construir | Farm |
| 19:33 | Construir | Farm |
| 19:59 | Construir | Market |
| 20:49 | Crear | Scout Cavalry |
| 21:04 | Investigar | Castle Age |
| 21:04 | Investigar | Castle Age |
| 21:15 | Construir | Stable |
| 21:16 | Crear | Villager (Male) |
| 21:20 | Construir | Farm |
| 21:38 | Crear | Spearman |
| 21:38 | Crear | Spearman |
| 21:45 | Investigar | Bloodlines |
| 21:51 | Crear | Spearman |
| 21:53 | Crear | Villager (Male) |
| 21:56 | Construir | Farm |
| 21:57 | Construir | Farm |
| 21:58 | Construir | Mill |
| 22:00 | Construir | Farm |
| 22:02 | Construir | Farm |
| 22:15 | Investigar | Scale Barding Armor |
| 22:20 | Construir | House |
| 22:21 | Construir | House |
| 22:21 | Crear | Villager (Male) |
| 22:24 | Construir | House |
| 22:27 | Construir | Stable |
| 22:29 | Investigar | Gold Mining |
| 22:33 | Crear | Spearman |
| 22:56 | Crear | Villager (Male) |
| 23:01 | Construir | Mining Camp |
| 23:14 | Crear | Villager (Male) |
| 23:19 | Crear | Spearman |
| 23:22 | Crear | Scout Cavalry ×4 |
| 23:44 | Edad | Edad de los Castillos |
| 23:47 | Crear | Camel Scout ×4 |
| 23:57 | Construir | Town Center |
| 24:00 | Crear | Villager (Male) |
Cronología de la partida
| 7:20 | SapientFez · first_building Barracks |
| 7:31 | Nandor the Relenting · first_building Barracks |
| 8:27 | Nandor the Relenting · age_up feudal |
| 8:42 | Nandor the Relenting · first_building Stable |
| 9:50 | SapientFez · wall_segment Palisade Wall x1 |
| 9:56 | SapientFez · wall_segment Palisade Wall x4 |
| 11:25 | SapientFez · age_up feudal |
| 12:35 | SapientFez · wall_segment Palisade Wall x1 |
| 14:40 | SapientFez · wall_segment Palisade Wall x1 |
| 14:49 | Nandor the Relenting · wall_segment Palisade Wall x3 |
| 15:44 | SapientFez · first_building Stable |
| 17:09 | Nandor the Relenting · wall_segment Palisade Wall x1 |
| 18:29 | Nandor the Relenting · age_up castle |
| 18:34 | Nandor the Relenting · first_building Siege Workshop |
| 20:56 | SapientFez · first_market_sell 100 wood |
| 20:57 | SapientFez · first_market_buy 100 food |
| 21:12 | Nandor the Relenting · wall_segment Palisade Wall x1 |
| 21:14 | Nandor the Relenting · wall_segment Palisade Wall x1 |
| 21:16 | Nandor the Relenting · wall_segment Palisade Wall x1 |
| 21:19 | Nandor the Relenting · wall_segment Palisade Wall x1 |
| 21:22 | Nandor the Relenting · wall_segment Palisade Wall x1 |
| 21:50 | Nandor the Relenting · wall_segment Palisade Wall x1 |
| 22:00 | Nandor the Relenting · wall_segment Palisade Wall x1 |
| 22:09 | Nandor the Relenting · first_building Monastery |
| 23:44 | SapientFez · age_up castle |
| 31:06 | SapientFez · resign |
[ ANÁLISIS IA · 1 CRÉDITO ]
¿Qué pasó realmente en esta partida?
Wolo.gg analiza cada decisión: build order, eco, micro, errores típicos por bracket. Análisis personalizado por WhatsApp o Discord en 30 segundos.
Guía civ
Mongoles
Perfil
Jugador #6310718